 Dungeon Crawl Stone Soup version 0.30-a0-800-g7c544603b3 (webtiles) character file.

Game seed: 18155306866756629747

79 Pimp the Sneak (level 4, -10/23 HPs)
             Began as a Spriggan Brigand on Feb 21, 2023.
             Mangled by a gnoll
             ... wielding a +0 halberd
              (12 damage)
             ... on level 2 of the Dungeon.
             The game lasted 00:01:44 (971 turns).

Pimp the Sneak (Spriggan Brigand)                    Turns: 971, Time: 00:01:45

Health: -10/23     AC:  3    Str:  7    XL:     4   Next: 16%
Magic:  5/5        EV: 17    Int: 12    God:
Gold:   45         SH:  0    Dex: 18    Spells: 3/3 levels left

rFire   . . .      SeeInvis +    a - +2 dagger
rCold   . . .      Faith    .    (no shield)
rNeg    . . .      Spirit   .    b - +0 robe
rPois   .          Reflect  .    (helmet restricted)
rElec   .          Harm     .    c - +0 cloak
rCorr   .          Rampage  .    (gloves unavailable)
Will    .....                    (boots unavailable)
Stlth   ++++                     (no amulet)
HPRegen 0.23/turn                (no ring)
MPRegen 0.09/turn                (no ring)

@: very quick
A: very small, no large weapons, unfitting armour, see invisible, speed 3
a: no special abilities


You were on level 2 of the Dungeon.
You visited 1 branch of the dungeon, and saw 2 of its levels.

You collected 45 gold pieces.

Inventory:

Hand Weapons
 a - a +2 dagger (weapon)
Missiles
 d - 13 poisoned darts (quivered)
 e - 3 curare-tipped darts
Armour
 b - a +0 robe (worn)
 c - a +0 cloak (worn)
Scrolls
 f - a scroll of fear {unknown}
 g - 4 scrolls of identify {unknown}
 h - a scroll of enchant armour {unknown}
 i - a scroll of enchant weapon {unknown}


   Skills:
 + Level 2.1 Fighting
 + Level 2.9 Short Blades
 + Level 2.6 Throwing
 + Level 2.6 Dodging
 + Level 6.5 Stealth


You had 3 spell levels left.
You didn't know any spells.
Your spell library contained the following spells:

 Spells                   Type           Power      Damage    Failure   Level
 Blink                    Tloc           0%         N/A       45%         2
 Lesser Beckoning         Tloc           0%         N/A       45%         2
 Momentum Strike          Conj/Tloc      0%         3d8       45%         2


Dungeon Overview and Level Annotations

Branches:
Dungeon (2/15)

Altars:


Innate Abilities, Weirdness & Mutations

You are very small and have problems with some larger weapons.
You are too small for most types of armour.
You have supernaturally acute eyesight. (SInv)
You cover ground extremely quickly. (Speed+++)


Message History

The gnoll misses you.
You closely miss the gnoll.
The gnoll is almost dead.
The gnoll barely misses you.
You closely miss the gnoll.
The gnoll is almost dead.
You hit the gnoll.
The gnoll is almost dead.
The gnoll completely misses you.
You hit the gnoll but do no damage.
The gnoll is almost dead.
You kill the gnoll!
You see here a +0 spear.
d - 6 poisoned darts (gained 1)
d - 7 poisoned darts (gained 1)
d - 8 poisoned darts (gained 1)
d - 9 poisoned darts (gained 1)
d - 10 poisoned darts (gained 1)
d - 12 poisoned darts (gained 2)
d - 13 poisoned darts (gained 1)
Things that are here:
a +0 club; a kobold corpse You see here a +0 robe.
You see here a +0 club.
A gnoll is nearby!
You closely miss the gnoll.
The gnoll shouts!
The gnoll hits you with a +0 halberd!
You hit the gnoll.
The gnoll is lightly wounded.
The gnoll misses you.
You hit the gnoll.
The gnoll is moderately wounded.
The gnoll hits you with a +0 halberd!
* * * LOW HITPOINT WARNING * * *
You hit the gnoll.
The gnoll is moderately wounded.
The gnoll hits you with a +0 halberd!
Ouch! That really hurt!
You die...

#..#..)..#....# ##..........###
##.....##...####
########..######.#..#..
..........###.........#
....####.........###.## .
##...######## #..> ##...##
#######.> ###g@..# #........
#.....## ##.####### #####.#..##
#..# ####. .. #......#..#
##.####.... ###.####....##..)#
###...)......
...............#.####..........##
............##........##.#.#####
... .....##...########.#.# #.#
#...#.).## #...#


You could see a gnoll.

Vanquished Creatures
  An adder (D:2)
  3 gnolls (D:2)
  A worm (D:2)
  A dart slug (D:2)
  A bat (D:1)
  4 endoplasms
  A giant cockroach (D:2)
  2 goblins
  2 hobgoblins (D:2)
  4 jackals (D:2)
  3 quokkas (D:1)
  A ball python (D:1)
  A frilled lizard (D:1)
  5 kobolds
  3 rats
33 creatures vanquished.

Notes
Turn   | Place    | Note
-------+----------+-------------------------------------------
     0 | D:1      | Pimp the Spriggan Brigand began the quest for the Orb.
     0 | D:1      | Reached XP level 1. HP: 10/10 MP: 2/2
   375 | D:1      | Reached skill level 6 in Stealth
   379 | D:1      | Reached XP level 2. HP: 15/15 MP: 3/3
   716 | D:2      | Reached XP level 3. HP: 15/18 MP: 4/4
   882 | D:2      | Reached XP level 4. HP: 15/23 MP: 5/5
   971 | D:2      | Mangled by a gnoll

Illustrated notes

Levels and vault maps discovered:
D:1:      nzn_arrival_settlement, layout_loops_cross, minmay_box_of_dots
D:2:      layout_rooms, shapermc_ecumenical_altar_venn, minmay_tall_x

Skill      XL: |  1  2  3 |
---------------+----------+-----
Stealth        | 6 |  6.5
Dodging        | 2 |  2.6
Fighting       | 2 |  2.1
Short Blades   | |  2.9
Throwing       | |  2.6

Action                     |  1- 3 |  4- 6 || total
---------------------------+-------+-------++-------
  Melee: Dagger            |    62 |    11 ||    73
  Throw: Dart              |     5 |     3 ||     8
   Stab: Sleeping          |    15 |       ||    15
 Armour: Robe              |     9 |     2 ||    11
  Dodge: Dodged            |    39 |     6 ||    45

Table legend: (Time is in decaauts)
 A = Elapsed time spent in this place.
 B = Non-inter-level travel time spent in this place.
 C = Inter-level travel time spent in this place.
 D = Time resting spent in this place.
 E = Time spent auto-exploring this place.
 F = Levels seen in this place.
 G = Mean time per level.
                   A        B        C        D        E       F      G
               +--------+--------+--------+--------+--------+-----+--------+
         Total |    638 |    628 |     10 |      0 |    431 |   2 |  319.0 |
       Dungeon |    638 |    628 |     10 |      0 |    431 |   2 |  319.0 |
               +--------+--------+--------+--------+--------+-----+--------+

Top non-repeatable levels by time:
     D:1: 381 daAuts
     D:2: 257 daAuts
